 Dungeon Crawl Stone Soup version 0.19.5 (webtiles) character file.

252 Gargoyl the Skirmisher (level 6, -3/53 HPs)
             Began as a Ghoul Abyssal Knight on Mar 28, 2017.
             Was a Believer of Lugonu.
             Killed from afar by Sigmund (5 damage)
             ... with a puff of flame
             ... on level 3 of the Dungeon.
             The game lasted 00:05:17 (2161 turns).

Gargoyl the Skirmisher (Ghoul Abyssal Knight)       Turns: 2161, Time: 00:05:17

Health: -3/53      AC:  6    Str: 16    XL:     6   Next: 14%
Magic:  7/7        EV: 17    Int: 10    God:    Lugonu [**....]
Gold:   164        SH:  4    Dex: 15    Spells: 0 memorised, 5 levels left

rFire  . . .     SeeInvis .     a - +1 hand axe
rCold  + . .     Gourm    .     b - +0 leather armour
rNeg   + + +     Faith    .     (no shield)
rPois  ∞         Spirit   .     l - +0 helmet
rElec  .         Reflect  +     r - +0 cloak
rCorr  .         Harm     .     f - +0 pair of gloves
MR     .....                    (no boots)
Stlth  ++........               d - +4 amulet of reflection
                                (no ring)
                                e - +3 ring of intelligence

@: agile, rotting
A: rotting body, claws 1, carnivore 3, cold resistance 1, negative energy
resistance 3, slow regeneration 1, torment resistance, unbreathing
a: Depart the Abyss, Bend Space, Renounce Religion


You were on level 3 of the Dungeon.
You worshipped Lugonu.
Lugonu was pleased with you.
You were not hungry.

You visited 1 branch of the dungeon, and saw 3 of its levels.
You visited the Abyss 1 time.

You collected 164 gold pieces.

Inventory:

Hand Weapons
 a - a +1 hand axe (weapon)
Missiles
 q - 3 tomahawks of returning (quivered)
Armour
 b - a +0 leather armour (worn)
 f - a +0 pair of gloves (worn)
 l - a +0 helmet (worn)
 r - a +0 cloak (worn)
Jewellery
 d - a +4 amulet of reflection (around neck)
 e - a +3 ring of intelligence (left hand)
 p - an uncursed ring of protection from fire {unknown}
Scrolls
 i - a scroll of identify {unknown}
 k - 3 scrolls of teleportation
 n - 3 scrolls of amnesia
 o - a scroll of fog
Potions
 g - a potion of agility
Comestibles
 c - 3 meat rations
 h - a royal jelly
 j - a slice of pizza


   Skills:
 + Level 4.4 Fighting
 + Level 3.3 Axes
 * Level 2.6 Armour
 + Level 2.3 Dodging
 * Level 3.2 Invocations


You had 5 spell levels left.
You didn't know any spells.

Dungeon Overview and Level Annotations

Branches:
Dungeon (3/15)

Altars:
Makhleb
Trog

Annotations:
D:3 Lichfox's ghost, amateur HuNe; Sigmund


Innate Abilities, Weirdness & Mutations

Your body is rotting away.
You thrive on raw meat.
You are immune to poison.
You have sharp fingernails.
You are carnivorous and can eat meat at any time.
Your flesh is cold resistant. (rC+)
You are immune to negative energy. (rN+++)
You regenerate slowly when monsters are visible.
You are immune to unholy pain and torment.
You can survive without breathing.


Message History

It was a potion of curing.
You feel better.
You feel agile all of a sudden. You block something's attack.
You closely miss something. Something hits you but does no damage.
You closely miss something. Something barely misses you.
You miss something. You hit something. Something hits you!
* * * LOW HITPOINT WARNING * * *
You hit something. Something closely misses you.
Your leather armour prevents you from hitting something.
Something hits you.
* * * LOW HITPOINT WARNING * * *
You hit something but do no damage. You barely miss something.
Something hits you.
* * * LOW HITPOINT WARNING * * *
You hit something.
You hear some strange, mumbled words.
A puff of flame appears from out of thin air!
The puff of flame hits you!
You die...

######## #......#
#.####.# # ######.# #.#
.# .......#
#.###########.#..
########
#................
###########...#....
#.......@{gg..# #
#####)#########...#
#####.....##########..#
#................# ..#
#)###.##########.# ..#
#.# #.# #.# .## ..# #.#
#.# .# ..# #.# #.# .#
..# #.# #.# .#


You could see 2 hobgoblins.

Vanquished Creatures
  An ice beast (D:2)
  A bullfrog (D:3)
  3 gnolls
  3 adders
  A dart slug (D:1)
  A leopard gecko (D:3)
  2 orcs (D:3)
  2 giant cockroaches (D:2)
  6 hobgoblins
  3 jackals (D:1)
  2 ball pythons
  4 bats
  A frilled lizard (D:2)
  3 goblins
  6 kobolds
  4 rats
43 creatures vanquished.

Notes
Turn   | Place    | Note
-------+----------+-------------------------------------------
     0 | Abyss:1  | Gargoyl the Ghoul Abyssal Knight began the quest for the Orb.
     0 | Abyss:1  | Reached XP level 1. HP: 19/19 MP: 1/1
   133 | Abyss:1  | Noticed a starcursed mass
   134 | D:1      | Escaped the Abyss
   287 | D:1      | Reached * piety under Lugonu
   298 | D:1      | Reached skill level 1 in Dodging
   298 | D:1      | Reached XP level 2. HP: 27/27 MP: 2/2
   938 | D:2      | Reached skill level 4 in Fighting
   972 | D:2      | Reached XP level 3. HP: 29/33 MP: 3/3
  1179 | D:2      | Reached XP level 4. HP: 29/40 MP: 4/4
  1478 | D:2      | Found a bloodstained altar of Trog.
  1539 | D:2      | Noticed an ice beast
  1576 | D:2      | Killed an ice beast
  1576 | D:2      | Reached XP level 5. HP: 32/47 MP: 4/6
  1673 | D:3      | Found a burning altar of Makhleb.
  1762 | D:3      | Noticed Lichfox's ghost (amateur HuNe)
  1799 | D:3      | Reached ** piety under Lugonu
  1847 | D:3      | Reached XP level 6. HP: 36/53 MP: 7/7
  2120 | D:3      | Noticed Sigmund
  2160 | D:3      | HP: 2/53 [something (4)]
  2161 | D:3      | Killed from afar by Sigmund

Skill      XL: |  1  2  3  4  5 |
---------------+----------------+-----
Dodging        | 1 2 |  2.3
Fighting       | 4 |  4.4
Axes           | 2 3 |  3.3
Armour         | 2 |  2.6
Invocations    | 3 |  3.2

Action                   |  1- 3 |  4- 6 || total
-------------------------+-------+-------++-------
Melee: Hand axe          |    84 |   131 ||   215
Invok: Depart the Abyss  |     1 |       ||     1
  Use: Scroll            |     4 |       ||     4
       Potion            |       |     4 ||     4
  Eat: Chunk             |    11 |     4 ||    15
Armor: Leather armour    |    33 |    38 ||    71
Dodge: Dodged            |    66 |    80 ||   146
Block: Other             |    23 |    19 ||    42
       Reflection        |     2 |     1 ||     3
